 Dungeon Crawl Stone Soup version 0.29-a0-323-g050149af67 (webtiles) character file.

Game seed: 9238713024471560220

95 zishaf the Shooter (level 4, -8/42 HPs)
             Began as a Naga Hunter on Apr 11, 2022.
             Mangled by a gnoll
             ... wielding a +0 flail
              (13 damage)
             ... on level 3 of the Dungeon.
             The game lasted 00:02:44 (2207 turns).

zishaf the Shooter (Naga Hunter)                    Turns: 2207, Time: 00:02:45

Health: -8/42      AC:  3    Str: 13    XL:     4   Next: 66%
Magic:  4/4        EV:  9    Int:  9    God:
Gold:   66         SH:  0    Dex: 14    Spells: 3/3 levels left

rFire   . . .      SeeInvis +   a - +1 shortbow
rCold   . . .      Faith    .   (shield currently unavailable)
rNeg    + . .      Spirit   .   r - +1 leather armour "Enkayler" {rElec rN+ rCorr Dex-3}
rPois   +          Reflect  .   (no helmet)
rElec   +          Harm     .   (no cloak)
rCorr   +          Rampage  .   (no gloves)
Will    .....                   (no barding)
Stlth   ++........              (no amulet)
HPRegen 0.14/turn               (no ring)
MPRegen 0.09/turn               (no ring)

@: very slow
A: AC +1, large, see invisible, deformed body, poison resistance, slowness 2,
spit poison 1, naga tail 1
a: Spit Poison


You were on level 3 of the Dungeon.
You visited 1 branch of the dungeon, and saw 3 of its levels.

You collected 66 gold pieces.

Inventory:

Hand Weapons
 a - a +1 shortbow (weapon)
 g - a +1 dagger of pain
Armour
 b - a +0 leather armour
 r - the +1 leather armour "Enkayler" (worn) {rElec rN+ rCorr Dex-3}
   (You found it on level 2 of the Dungeon)

   Dex:       It affects your dexterity (-3).
   rElec:     It insulates you from electricity.
   rN:        It protects you from negative energy.
   rCorr:     It protects you from acid and corrosion.
Jewellery
 i - an amulet of guardian spirit
Scrolls
 c - a scroll of immolation
 f - a scroll of fear {unknown}
 h - 2 scrolls of identify {unknown}
 j - a scroll of magic mapping {unknown}
 k - a scroll of silence {unknown}
 l - a scroll of torment {unknown}
 q - 2 scrolls of teleportation {unknown}
 t - a scroll of blinking {unknown}
Potions
 d - 2 potions of mutation {unknown}
 e - 3 potions of heal wounds {unknown}
 m - a potion of invisibility {unknown}
 n - 2 potions of curing {unknown}
 o - a potion of brilliance {unknown}
 p - a potion of attraction {unknown}
 s - a potion of ambrosia {unknown}


   Skills:
 + Level 3.3 Fighting
 + Level 4.4 Bows
 - Level 1.5 Dodging
 - Level 3.0 Stealth


You had 3 spell levels left.
You didn't know any spells.
Your spell library contained the following spells:

 Spells                   Type           Power      Damage    Failure   Level
 Ensorcelled Hibernation  Hex/Ice        0%         N/A       61%         2
 Passwall                 Tmut/Erth      0%         N/A       61%         2
 Sublimation of Blood     Necr           0%         N/A       61%         2
 Wereblood                Tmut           0%         N/A       61%         2
 Swiftness                Air            0%         N/A       83%         3
 Summon Hydra             Summ           0%         N/A       100%        7


Dungeon Overview and Level Annotations

Branches:
Dungeon (3/15)

Altars:
Xom


Innate Abilities, Weirdness & Mutations

Your serpentine skin is tough. (AC +1)
You have supernaturally acute eyesight. (SInv)
Armour fits poorly on your strangely shaped body.
Your system is resistant to poisons. (rPois)
You cover ground very slowly.
You can spit poison.
You have a snake-like lower body.


Message History

Aim: a gnoll, wielding a +0 spear (heavily wounded, 65% to hit)
The splash of poison hits the gnoll!
The gnoll is poisoned.
You kill the gnoll!
You shoot an arrow. The arrow closely misses the gnoll.
You shoot an arrow. The arrow closely misses the gnoll.
You have got your breath back.
The gnoll misses you. The gnoll hits you with a +0 flail.
You shoot an arrow. The arrow hits the gnoll.
The gnoll is moderately wounded.
You hear a shout!
The gnoll hits you with a +0 flail!
You shoot an arrow. The arrow closely misses the gnoll.
The arrow hits the gnoll but does no damage.
The gnoll is lightly wounded.
The gnoll hits you with a +0 flail!
A gnoll comes into view. It is wielding a +2 whip of venom.
You shoot an arrow. The arrow barely misses the gnoll.
The arrow hits the gnoll.
The gnoll is moderately wounded.
The gnoll closely misses you. The gnoll hits you with a +0 flail!
You are too injured to fight recklessly!
Press: ? - help, v - describe, . - travel
Here: a gnoll, wielding a +2 whip of venom The floor.
Shoot: a) +1 shortbow
Press: ? - help, Q - select action, (/) - cycle Shift-Dir - straight line, f - gnoll, p - gnoll
Aim: a gnoll, wielding a +2 whip of venom (66% to hit)
You shoot an arrow. The arrow hits the gnoll!
The gnoll is almost dead.
The gnoll hits you with a +0 flail!
* * * LOW HITPOINT WARNING * * *
Shoot: a) +1 shortbow
Press: ? - help, Q - select action, (/) - cycle Shift-Dir - straight line, f/p - gnoll
Aim: a gnoll, wielding a +2 whip of venom (66% to hit)
You shoot an arrow. The arrow closely misses the gnoll.
The arrow hits the gnoll!
The gnoll is almost dead.
The gnoll hits you with a +0 flail!
You die...

#...#.####...
#...#.##
#......###
#.........
#..#...###
#..##.#####
##.#.......
#.....#####
#@#......<#
#g#.#.###.#
###g#.# #
#..g..# ##.
#.#.#.#.g...
#.......)...
#..#..#....#
#.....#.##..
##.#..# # .


You could see 3 gnolls.

Vanquished Creatures
  An iguana (D:2)
  A gnoll (D:3)
  An ufetubus (D:3)
  3 dart slugs
  An orc (D:3)
  7 ball pythons
  5 endoplasms
  2 giant cockroaches
  A goblin (D:2)
  7 hobgoblins
  A jackal (D:1)
  5 kobolds (D:1)
  2 quokkas (D:2)
  5 bats
  A frilled lizard (D:2)
  2 rats
45 creatures vanquished.

Notes
Turn   | Place    | Note
-------+----------+-------------------------------------------
     0 | D:1      | zishaf the Naga Hunter began the quest for the Orb.
     0 | D:1      | Reached XP level 1. HP: 19/19 MP: 1/1
   144 | D:1      | Reached XP level 2. HP: 26/26 MP: 2/2
   356 | D:1      | Found a faded altar of an unknown god.
   841 | D:2      | Reached XP level 3. HP: 33/33 MP: 3/3
   982 | D:2      | Found a shimmering altar of Xom.
  1016 | D:2      | Reached skill level 4 in Bows
  1265 | D:2      | Reached XP level 4. HP: 42/42 MP: 4/4
  1607 | D:2      | Identified the +1 leather armour "Enkayler" {rElec rN+
                  | rCorr Dex-3}
  2207 | D:3      | Mangled by a gnoll

Illustrated notes

Levels and vault maps discovered:
D:1:      shiori_arrival_elements, layout_loops_ring,
          hellmonk_ecumenical_altar_run_dry, minmay_tall_x
D:2:      layout_basic, basic_altar, minmay_misc_feat_pillars,
          roderic_serpentine_path
D:3:      layout_loops_ring, minmay_snake_closets

Skill      XL: |  1  2  3 |
---------------+----------+-----
Stealth        | 2 3 |  3.0
Fighting       | 3 |  3.3
Bows           | 4 |  4.4
Dodging        | |  1.5

Action                   |  1- 3 |  4- 6 || total
-------------------------+-------+-------++-------
 Fire: Shortbow          |    63 |    38 ||   101
 Abil: Spit Poison       |     1 |     1 ||     2
Armor: Leather armour    |     2 |       ||     2
Dodge: Dodged            |     7 |     7 ||    14

Table legend: (Time is in decaauts)
 A = Elapsed time spent in this place.
 B = Non-inter-level travel time spent in this place.
 C = Inter-level travel time spent in this place.
 D = Time resting spent in this place.
 E = Time spent auto-exploring this place.
 F = Levels seen in this place.
 G = Mean time per level.
                   A        B        C        D        E       F      G
               +--------+--------+--------+--------+--------+-----+--------+
         Total |   2864 |   2725 |    139 |    181 |   2177 |   3 |  954.7 |
       Dungeon |   2864 |   2725 |    139 |    181 |   2177 |   3 |  954.7 |
               +--------+--------+--------+--------+--------+-----+--------+

Top non-repeatable levels by time:
     D:2: 1538 daAuts
     D:1: 1100 daAuts
     D:3: 226 daAuts
